 Dungeon Crawl Stone Soup version 0.21.1-1-g345015f (webtiles) character file.

224 suicidejoker the Cudgeler (level 6, 0/42 HPs)
             Began as an Octopode Gladiator on Apr 21, 2018.
             Killed from afar by an orc wizard (9 damage)
             ... with a magic dart
             ... on level 4 of the Dungeon.
             The game lasted 00:03:19 (2755 turns).

suicidejoker the Cudgeler (Octopode Gladiator)      Turns: 2755, Time: 00:03:19

Health: 0/42       AC:  1    Str: 14    XL:     6   Next: 0%
Magic:  7/7        EV: 15    Int: 11    God:
Gold:   149        SH:  0    Dex: 14    Spells: 5/5 levels left

rFire    x . .     SeeInvis .   (no weapon)
rCold    + . .     Gourm    .   (no shield)
rNeg     . . .     Faith    .   b - +0 hat
rPois    .         Spirit   .   f - amulet of rage
rElec    .         Reflect  .   k - ring of ice
rCorr    .         Harm     .   (no ring)
MR       .....                  (no ring)
Stlth    ++........             (no ring)
HPRegen  0.14/turn              (no ring)
MPRegen  0.10/turn              (no ring)
                                (no ring)
                                (no ring)

@: confused
A: almost no armour, stealthy swim, amphibious, 8 rings, constrict 8, camouflage
1, gelatinous body 1
a: Evoke Berserk Rage


You were on level 4 of the Dungeon.
You were not hungry.

You visited 1 branch of the dungeon, and saw 4 of its levels.

You collected 149 gold pieces.

Inventory:

Hand Weapons
 a - a +0 flail
Missiles
 c - 3 throwing nets (quivered)
 e - 127 stones
 p - 8 poisoned needles
 v - 19 arrows
 w - 14 bolts
 x - 60 sling bullets
Armour
 b - a +0 hat (worn)
Jewellery
 f - an amulet of rage (around mantle)
 k - a ring of ice (left tentacle)
 y - a +2 amulet of reflection {unknown}
Scrolls
 g - 8 scrolls of identify {unknown}
 i - 2 scrolls of remove curse {unknown}
 q - 2 scrolls of teleportation {unknown}
 s - a scroll of enchant armour {unknown}
 u - a scroll of enchant weapon {unknown}
Potions
 h - a potion of lignification
 j - a potion of degeneration {unknown}
 l - a potion of cancellation {unknown}
 m - a potion of heal wounds {unknown}
 n - a potion of invisibility {unknown}
 o - a potion of curing {unknown}
 r - a potion of ambrosia {unknown}
 t - 3 potions of might {unknown}
 z - 2 potions of flight {unknown}
 B - a potion of agility {unknown}
Comestibles
 d - 7 rations


   Skills:
 + Level 3.1 Fighting
 * Level 4.5 Maces & Flails
 - Level 2.0 Throwing
 + Level 3.7 Dodging
 + Level 2.9 Stealth
 + Level 2.0 Evocations


You had 5 spell levels left.
You didn't know any spells.

Dungeon Overview and Level Annotations

Branches:
Dungeon (4/15)
 Temple: D:4-7

Altars:
Okawaru
Ru
Trog
Yredelemnul


Innate Abilities, Weirdness & Mutations

You cannot wear most types of armour.
You are very stealthy in the water. (Stealth+)
You are amphibious.
You can wear up to eight rings at the same time.
You can use your tentacles to constrict eight enemies at once.
Your skin changes colour to match your surroundings (Stealth+).
Your rubbery body absorbs attacks. (AC +1, EV +1)


Message History

You hit something but do no damage. Something hits you but does no damage.
You hit something. Something completely misses you.
You closely miss something. Something hits you but does no damage.
You hit something. Something hits you but does no damage.
You barely miss something.
You hear some strange, mumbled words.
You are confused.
You cannot move. (Use ctrl+direction to attack without moving.)
You cannot move. (Use ctrl+direction to attack without moving.)
You cannot move. (Use ctrl+direction to attack without moving.)
You completely miss something. Something hits you but does no damage.
You swing at nothing.
You feel less wooden.
Your +0 hat unmelds from your body.
Something hits you.
* * * LOW HITPOINT WARNING * * *
You're too confused to attack without stumbling around!
You're too confused to attack without stumbling around!
A magic dart appears from out of thin air!
The magic dart hits you!
You die...

#....... # #####......
#.. #..........
#...#........###
#...#..........#
#..............#
.....#.........)...(#
.....#.....$@)).....#.
...........?).{.......
.......##...(........
###.....##...........)
........##......(.....
...............#......
.........?.....#......
...............#......
........#.#.#.##..<...


There were no monsters in sight!

Vanquished Creatures
  A bullfrog (D:2)
  An orc wizard (D:4)
  5 adders
  An ooze (D:2)
  5 worms
  2 dart slugs
  2 leopard geckos (D:3)
  9 orcs
  5 bats
  2 giant cockroaches (D:3)
  6 goblins
  5 hobgoblins
  A kobold (D:2)
  3 quokkas (D:3)
  3 frilled lizards
  6 rats
57 creatures vanquished.

Notes
Turn   | Place    | Note
-------+----------+-------------------------------------------
     0 | D:1      | suicidejoker the Octopode Gladiator began the quest for the Orb.
     0 | D:1      | Reached XP level 1. HP: 14/14 MP: 1/1
   311 | D:1      | Reached XP level 2. HP: 17/19 MP: 2/2
   606 | D:1      | Reached skill level 1 in Stealth
  1139 | D:2      | Reached XP level 3. HP: 19/25 MP: 3/3
  1434 | D:2      | Noticed a bullfrog
  1441 | D:2      | Killed a bullfrog
  1441 | D:2      | Reached skill level 4 in Maces & Flails
  1441 | D:2      | Reached skill level 1 in Evocations
  1441 | D:2      | Reached XP level 4. HP: 9/30 MP: 4/4
  1691 | D:2      | Found a bloodstained altar of Trog.
  2133 | D:3      | Reached XP level 5. HP: 30/35 MP: 6/6
  2201 | D:3      | Found a sacrificial altar of Ru.
  2380 | D:3      | Found a basalt altar of Yredelemnul.
  2705 | D:4      | Found an iron altar of Okawaru.
  2747 | D:4      | Reached XP level 6. HP: 22/42 MP: 7/7
  2755 | D:4      | Killed from afar by an orc wizard

Skill      XL: |  1  2  3  4  5 |
---------------+----------------+-----
Stealth        | 1 2 |  2.9
Maces & Flails | 4 |  4.5
Evocations     | 1 2 |  2.0
Fighting       | 3 |  3.1
Throwing       | |  2.0
Dodging        | |  3.7

Action                   |  1- 3 |  4- 6 || total
-------------------------+-------+-------++-------
Melee: Flail             |    38 |    70 ||   108
       Constrict         |     9 |    16 ||    25
       Tentacles         |     3 |     7 ||    10
       Unarmed           |       |    17 ||    17
  Use: Potion            |       |     1 ||     1
 Stab: Sleeping          |     9 |     6 ||    15
  Eat: Chunk             |       |     6 ||     6
Armor: Skin              |       |    42 ||    42
Dodge: Dodged            |    16 |    52 ||    68
